 Dungeon Crawl Stone Soup version 0.20-a0-809-gaf7f668 (webtiles) character file.

133 HitlerSphincter the Insei (level 5, -1/33 HPs)
             Began as an Octopode Transmuter on Mar 3, 2017.
             Killed from afar by an orc wizard (10 damage)
             ... with a puff of frost
             ... on level 3 of the Dungeon.
             The game lasted 00:05:25 (3309 turns).

HitlerSphincter the Insei (Octopode Transmuter)     Turns: 3309, Time: 00:05:26

Health: -1/33      AC:  1    Str:  9    XL:     5   Next: 16%
Magic:  7/9        EV: 19    Int: 17    God:
Gold:   104        SH:  0    Dex: 17    Spells: 5/9 levels left

rFire    + . .     SeeInvis .     - Unarmed
rCold    x . .     Gourm    .   (no shield)
rNeg     . . .     Faith    .   (helmet restricted)
rPois    .         Spirit   .   (no amulet)
rElec    .         Reflect  .   i - ring of fire
rCorr    .         Harm     .   (no ring)
MR       .....                  (no ring)
Stlth    ++++......             (no ring)
Regen    0.2/turn               (no ring)
MPRegen  0.2/turn               (no ring)
                                (no ring)
                                (no ring)

@: agile
A: almost no armour, stealthy swim, amphibious, 8 rings, constrict 8, camouflage
1, gelatinous body 1
a: no special abilities


You were on level 3 of the Dungeon.
You were full.

You visited 1 branch of the dungeon, and saw 3 of its levels.

You collected 104 gold pieces.

Inventory:

Missiles
 a - 40 arrows
Jewellery
 i - a ring of fire (left tentacle)
Wands
 o - a wand of flame (48/48)
Potions
 f - a potion of mutation {unknown}
 h - a potion of magic {unknown}
 m - a potion of degeneration {unknown}
 n - 2 potions of curing {unknown}
 t - a potion of resistance {unknown}
 u - a potion of lignification {unknown}
 v - a potion of haste {unknown}
Books
 b - a book of Changes

   Spells                             Type                      Level
   a - Beastly Appendage              Transmutation                1
   b - Sticks to Snakes               Transmutation                2
   c - Spider Form                    Transmutation/Poison         3
   d - Ice Form                       Ice/Transmutation            4
   e - Blade Hands                    Transmutation                5
Comestibles
 c - a bread ration
 k - a royal jelly
 p - a chunk of flesh
 s - a meat ration


   Skills:
 + Level 1.5 Fighting
 + Level 2.3 Dodging
 * Level 4.2 Unarmed Combat
 + Level 2.8 Spellcasting
 * Level 3.0 Transmutations


You had 5 spell levels left.
You knew the following spells:

 Your Spells              Type           Power        Failure   Level  Hunger
a - Beastly Appendage     Tmut           ##....       6%          1    #......
b - Spider Form           Tmut/Pois      #.........   30%         3    ###....


Dungeon Overview and Level Annotations

Branches:
Dungeon (3/15)

Altars:
Nemelex Xobeh


Innate Abilities, Weirdness & Mutations

You cannot wear most types of armour.
You are very stealthy in the water. (Stealth+)
You are amphibious.
You can wear up to eight rings at the same time.
You can use your tentacles to constrict eight enemies at once.
Your skin changes colour to match your surroundings (Stealth+).
Your rubbery body absorbs attacks. (AC +1, EV +1)


Message History

The orc wizard hits you with a dagger. The orc hits you but does no damage.
The orc completely misses you. The orc wizard completely misses you.
Okay, then.
It was a potion of cancellation.
Your magical effects are unravelling.
You feel magically purged.
Your transformation has ended.
The worm completely misses you.
The orc wizard gestures at you while chanting.
The puff of flame hits you! You resist. The orc hits you with a mace.
The orc closely misses you.
It was a potion of agility.
You feel agile all of a sudden. The orc wizard barely misses you.
The worm bites you. The orc completely misses you. The orc closely misses you.
The orc wizard hits you with a dagger.
* * * LOW HITPOINT WARNING * * *
The orc wizard gestures at you while chanting.
The puff of frost hits you!
You feel a terrible chill!
You die... ##.......## ##.###### #.........# ##...#.... +.......>.+ .......... #$........# #...#..## #...o...# # #..## #.rgo.# #..## #owo#

#.### #)# #.# # #@# #.###
#######.# #.... #.......##
#.### #.####...## #.# #.#
#.....##########.#
.#####.####...............#
#.....>...##...#############
#######†#.#.###.# #.#...#
#.#


You could see a worm, an orc priest, an orc wizard, 2 orcs, a hobgoblin and a
rat.

Vanquished Creatures
  7 adders
  A worm (D:3)
  3 dart slugs
  An orc (D:3)
  A giant cockroach (D:2)
  6 goblins
  7 hobgoblins
  3 jackals (D:3)
  3 quokkas
  10 bats
  4 frilled lizards
  8 kobolds
  8 rats
62 creatures vanquished.

Notes
Turn   | Place    | Note
-------+----------+-------------------------------------------
     0 | D:1      | HitlerSphincter the Octopode Transmuter began the quest for the Orb.
     0 | D:1      | Reached XP level 1. HP: 13/13 MP: 3/3
   138 | D:1      | Reached XP level 2. HP: 18/18 MP: 3/5
   769 | D:1      | Reached XP level 3. HP: 17/23 MP: 4/6
   981 | D:2      | Found a sparkling altar of Nemelex Xobeh.
  1538 | D:2      | Reached XP level 4. HP: 20/28 MP: 5/7
  2231 | D:3      | Learned a level 3 spell: Spider Form
  2318 | D:3      | Reached skill level 4 in Unarmed Combat
  2540 | D:3      | Learned a level 3 spell: Spider Form
  3007 | D:3      | Reached XP level 5. HP: 25/33 MP: 9/9
  3309 | D:3      | Killed from afar by an orc wizard

Vault maps used:
D:1:      kennysheep_arrival_forest
D:2:      first_bread, nemelex_xobeh_ov_fountains_minmay

Skill      XL: |  1  2  3  4  5 |
---------------+----------------+-----
Unarmed Combat | 4 |  4.2
Transmutations | 3 |  3.0
Fighting       | |  1.5
Dodging        | |  2.3
Spellcasting   | |  2.8

Action                   |  1- 3 |  4- 6 || total
-------------------------+-------+-------++-------
Melee: Unarmed           |    77 |    79 ||   156
       Constrict         |    28 |    19 ||    47
       Tentacles         |    14 |     9 ||    23
       Kick              |    14 |    14 ||    28
       Punch             |     2 |       ||     2
 Cast: Beastly Appendage |    25 |    16 ||    41
       Spider Form       |       |     1 ||     1
  Use: Scroll            |     1 |     8 ||     9
       Potion            |       |     4 ||     4
 Stab: Sleeping          |     4 |     3 ||     7
  Eat: Chunk             |     2 |     6 ||     8
       Bread ration      |       |     1 ||     1
Armor: Skin              |     9 |     4 ||    13
Dodge: Dodged            |    53 |    74 ||   127
